 Dungeon Crawl Stone Soup version 0.29-a0-397-g846e4a0bbc (webtiles) character file.

Game seed: 1855011450391043370

502 NateTC the Slasher (level 6, 0/57 HPs)
             Began as a Minotaur Fighter on May 12, 2022.
             Splashed by a jelly's acid (10 damage)
             ... on level 5 of the Dungeon.
             The game lasted 00:15:05 (3513 turns).

NateTC the Slasher (Minotaur Fighter)               Turns: 3513, Time: 00:15:06

Health: 0/57       AC:  2    Str: 23    XL:     6   Next: 95%
Magic:  5/5        EV:  6    Int:  5    God:
Gold:   175        SH: 14    Dex: 15    Spells: 5/5 levels left

rFire   . . .      SeeInvis .   a - +0 long sword
rCold   . . .      Faith    .   l - +1 tower shield
rNeg    . . .      Spirit   .   b - +0 scale mail
rPois   .          Reflect  .   (helmet restricted)
rElec   .          Harm     .   (no cloak)
rCorr   .          Rampage  .   (no gloves)
Will    .....                   (no boots)
Stlth   ..........              k - amulet of regeneration
HPRegen 0.99/turn               i - +6 ring of dexterity
MPRegen 0.09/turn               h - ring of flight

@: corroded, flying
A: horns 2, retaliatory headbutt
a: no special abilities


You were on level 5 of the Dungeon.
You visited 1 branch of the dungeon, and saw 5 of its levels.

You collected 175 gold pieces.

Inventory:

Hand Weapons
 a - a +0 long sword (weapon)
Armour
 b - a +0 scale mail (worn)
 l - a +1 tower shield (worn)
Jewellery
 h - a ring of flight (right hand)
 i - a +6 ring of dexterity (left hand)
 k - an amulet of regeneration (around neck)
Wands
 q - a wand of mindburst (11)
Scrolls
 c - 2 scrolls of amnesia
 g - 2 scrolls of identify
 m - a scroll of teleportation
 o - a scroll of noise
 s - a scroll of magic mapping
Potions
 d - 2 potions of might
 e - 2 potions of heal wounds
 f - 2 potions of curing
 j - 2 potions of brilliance
 n - a potion of degeneration
 p - a potion of magic


   Skills:
 * Level 5.7 Fighting
 - Level 7.4 Long Blades
 - Level 3.6 Armour
 - Level 4.5 Shields


You had 5 spell levels left.
You didn't know any spells.
Your spell library contained the following spells:

 Spells                   Type           Power      Damage    Failure   Level
 Ensorcelled Hibernation  Hex/Ice        0%         N/A       100%        2
 Passwall                 Tmut/Erth      0%         N/A       100%        2
 Frozen Ramparts          Ice            0%         1d2       100%        3
 Swiftness                Air            0%         N/A       100%        3
 Ice Form                 Ice/Tmut       0%         N/A       100%        4
 Summon Ice Beast         Ice/Summ       0%         N/A       100%        4


Dungeon Overview and Level Annotations

Branches:
Dungeon (5/15)
 Temple: D:4-7

Altars:


Innate Abilities, Weirdness & Mutations

You have a pair of horns on your head.
You reflexively headbutt those who attack you in melee.


Message History

You hit the gnoll.
The gnoll is lightly wounded.
The gnoll hits you with a +0 whip.
You slash the gnoll! Your headbutt misses the gnoll.
The gnoll is severely wounded.
You block the gnoll's attack. The gnoll closely misses you.
The gnoll hits you from afar with a +0 spear.
You hit the gnoll sergeant.
The gnoll sergeant is severely wounded.
You block the gnoll's attack.
The gnoll sergeant hits you with a +0 spear!
* * * LOW HITPOINT WARNING * * *
You hit the gnoll sergeant but do no damage.
You headbutt the gnoll sergeant.
The gnoll sergeant is almost dead.
You block the gnoll's attack.
The gnoll sergeant hits you with a +0 spear.
* * * LOW HITPOINT WARNING * * *
You hit the gnoll sergeant. You headbutt the gnoll sergeant.
You kill the gnoll sergeant!
You block the gnoll's attack. The gnoll hits you with a +0 whip.
* * * LOW HITPOINT WARNING * * *
The gnoll barely misses you.
You slash the gnoll!
You kill the gnoll!
The gnoll hits you from afar with a +0 spear.
* * * LOW HITPOINT WARNING * * *
You barely miss the jelly.
You headbutt the jelly, but do no damage.
The jelly closely misses you. You block the gnoll's attack.
You hit the jelly. The acid corrodes you!
Your hands burn!
* * * LOW HITPOINT WARNING * * *
The jelly is lightly wounded.
The jelly barely misses you. You block the gnoll's attack. x2
The jelly hits you but does no damage. The jelly attacks as you move away!
You block the jelly's attack. The jelly hits you.
* * * LOW HITPOINT WARNING * * *
You are splashed with acid!
You die...

#........####
......
#...........#
.......
#......$....#
#...........#
#..?........#
########)...#
#....g...[#
#...J.....#
#..@...####
#......#
########


You could see a jelly and a gnoll.

Vanquished Creatures
  2 ogres (D:5)
  A gnoll sergeant (D:5)
  A necrophage (D:5)
  A howler monkey (D:5)
  Jessica (D:2)
  2 iguanas
  4 gnolls (D:5)
  An adder (D:3)
  2 dart slugs
  2 worms
  2 ball pythons (D:1)
  4 endoplasms
  2 giant cockroaches
  3 goblins
  5 hobgoblins
  2 jackals (D:2)
  2 quokkas
  4 bats
  2 frilled lizards
  5 kobolds
  2 rats
50 creatures vanquished.

Notes
Turn   | Place    | Note
-------+----------+-------------------------------------------
     0 | D:1      | NateTC the Minotaur Fighter began the quest for the Orb.
     0 | D:1      | Reached XP level 1. HP: 19/19 MP: 0/0
   187 | D:1      | Reached XP level 2. HP: 24/28 MP: 1/1
   302 | D:1      | Found a faded altar of an unknown god.
   892 | D:2      | Reached skill level 5 in Fighting
   981 | D:2      | Reached XP level 3. HP: 29/36 MP: 2/2
  1216 | D:2      | Noticed Jessica
  1221 | D:2      | Killed Jessica
  2033 | D:3      | Reached XP level 4. HP: 41/42 MP: 3/3
  2429 | D:4      | Reached skill level 3 in Long Blades
  2980 | D:5      | Entered Level 5 of the Dungeon
  3069 | D:5      | Reached skill level 4 in Long Blades
  3126 | D:5      | Reached skill level 5 in Long Blades
  3126 | D:5      | Reached XP level 5. HP: 42/48 MP: 4/4
  3154 | D:5      | Noticed an ogre
  3162 | D:5      | Killed an ogre
  3163 | D:5      | Reached skill level 6 in Long Blades
  3238 | D:5      | Reached XP level 6. HP: 53/56 MP: 5/5
  3314 | D:5      | Reached skill level 7 in Long Blades
  3513 | D:5      | Splashed by a jelly's acid

Illustrated notes

Levels and vault maps discovered:
D:1:      lightli_arrival_maybe_door_vault, layout_rooms, serial_aquarium,
          aquarium_bridge_island_small [aquarium_subvault_small_open,
          aquarium_subvault_bridge, aquarium_subvault_wall,
          aquarium_subvault_bridge, aquarium_subvault_bridge],
          aquarium_window_1, aquarium_window_fake, aquarium_view_2g,
          aquarium_view_2a, ebering_ecumenical_altar_rust, minmay_box_of_dots
D:2:      layout_loops_corners, uniq_jessica
D:3:      layout_loops_corners
D:4:      layout_gridville
D:5:      layout_basic, uniq_ijyb

Skill      XL: |  1  2  3  4  5  6 |
---------------+-------------------+-----
Fighting       | 4 5 |  5.7
Shields        | 4 |  4.5
Long Blades    | 5 6 7 |  7.4
Armour         | |  3.6

Action                   |  1- 3 |  4- 6 || total
-------------------------+-------+-------++-------
Melee: Long sword        |    82 |    85 ||   167
       Headbutt          |    11 |    23 ||    34
  Use: Scroll            |     5 |     7 ||    12
Armor: Scale mail        |    54 |    18 ||    72
Dodge: Dodged            |    38 |    24 ||    62
Block: Buckler           |    14 |       ||    14
       Tower shield      |    28 |    73 ||   101

Table legend: (Time is in decaauts)
 A = Elapsed time spent in this place.
 B = Non-inter-level travel time spent in this place.
 C = Inter-level travel time spent in this place.
 D = Time resting spent in this place.
 E = Time spent auto-exploring this place.
 F = Levels seen in this place.
 G = Mean time per level.
                   A        B        C        D        E       F      G
               +--------+--------+--------+--------+--------+-----+--------+
         Total |   3592 |   3525 |     67 |    278 |   1575 |   5 |  718.4 |
       Dungeon |   3592 |   3525 |     67 |    278 |   1575 |   5 |  718.4 |
               +--------+--------+--------+--------+--------+-----+--------+

Top non-repeatable levels by time:
     D:2: 953 daAuts
     D:3: 711 daAuts
     D:1: 702 daAuts
     D:4: 669 daAuts
     D:5: 556 daAuts
